 Dungeon Crawl Stone Soup version 0.22-a0-825-ga28c36f (webtiles) character file.

186 BaronVonScrub the Covert (level 5, -1/26 HPs)
             Began as a Spriggan Assassin on July 24, 2018.
             Slain by Grinder (6 damage)
             ... on level 3 of the Dungeon.
             The game lasted 00:04:09 (2313 turns).

BaronVonScrub the Covert (Spriggan Assassin)        Turns: 2313, Time: 00:04:10

Health: -1/26      AC:  3    Str:  6 (7)  XL:     5   Next: 38%
Magic:  6/6        EV: 18    Int: 13      God:
Gold:   118        SH:  0    Dex: 18      Spells: 4/4 levels left

rFire    . . .     SeeInvis +   a - +2 dagger
rCold    . . .     Gourm    .   (shield restricted)
rNeg     . . .     Faith    .   c - +0 robe
rPois    .         Spirit   .   (helmet restricted)
rElec    .         Reflect  .   d - +0 cloak
rCorr    .         Harm     .   (gloves unavailable)
MR       .....                  (boots unavailable)
Stlth    ++++......             (no amulet)
HPRegen  0.08/turn              (no ring)
MPRegen  0.10/turn              (no ring)

@: about to teleport, very slightly contaminated, invisible, very quick
A: very small, unfitting armour, see invisible, herbivore, speed 3, slow
metabolism 2
a: no special abilities


You were on level 3 of the Dungeon.
You were not hungry.

You visited 1 branch of the dungeon, and saw 3 of its levels.

You collected 118 gold pieces.

Inventory:

Hand Weapons
 a - a +2 dagger (weapon)
 b - a +0 blowgun
Missiles
 e - 45 poisoned needles
 f - 2 curare-tipped needles
Armour
 c - a +0 robe (worn)
 d - a +0 cloak (worn)
Wands
 n - a wand of flame (30)
Potions
 h - a potion of brilliance {unknown}
Comestibles
 g - 5 rations


   Skills:
 + Level 1.9 Fighting
 + Level 3.8 Short Blades
 + Level 2.3 Throwing
 + Level 2.5 Dodging
 + Level 8.3 Stealth


You had 4 spell levels left.
You didn't know any spells.
Your spell library was empty.

Dungeon Overview and Level Annotations

Branches:
Dungeon (3/15)

Altars:

Annotations:
D:3 Grinder


Innate Abilities, Weirdness & Mutations

You are very small and have problems with some larger weapons.
You are too small for most types of armour.
You have supernaturally acute eyesight. (SInv)
You are a herbivore.
You cover ground extremely quickly.
You need to consume almost no food.


Message History

Grinder hits you!
* * * LOW HITPOINT WARNING * * *
You writhe in agony.
* * * LOW HITPOINT WARNING * * *
You are too injured to fight recklessly!
You feel better. Grinder hits you.
* * * LOW HITPOINT WARNING * * *
You writhe in agony.
* * * LOW HITPOINT WARNING * * *
You fade into invisibility!
Grinder hits you but does no damage.
You are very lightly contaminated with residual magic.
As you read the scroll of teleportation, it crumbles to dust.
You feel strangely unstable. Grinder gestures at you.
You resist with some effort.
As you read the scroll labeled EMPAJA FEUFYPN, it crumbles to dust.
You feel aware of your surroundings.
It was a scroll of magic mapping.
Grinder hits you.
You die...

#####.....#.##...#.####,*
*,*
..........'..#†..#....#,*
*,*
#####.....#.##)..#....#,*
*,* #####...###'##....#,*
*,* #.#.)....####.#,* *,*
#.####.#.# #.#,* *,*
#......#<# #.#,* *,*
#############%#,* *,*
#..5@.....#,*******,*
#.#########,,,,,,,,,* *,*
*********** *,* * *,* *
*,*******************
*,,,,,,,,,,,,,,,,,,,,
*********************


You could see Grinder.

Vanquished Creatures
  An ogre (D:3)
  An iguana (D:3)
  2 adders (D:2)
  A worm (D:2)
  A dart slug (D:2)
  3 leopard geckos (D:1)
  5 giant cockroaches
  11 goblins
  6 hobgoblins
  3 jackals (D:3)
  A quokka (D:3)
  2 bats
  A frilled lizard (D:2)
  6 kobolds
  5 rats
49 creatures vanquished.

Notes
Turn   | Place    | Note
-------+----------+-------------------------------------------
     0 | D:1      | BaronVonScrub the Spriggan Assassin began the quest for the Orb.
     0 | D:1      | Reached XP level 1. HP: 10/10 MP: 2/2
    13 | D:1      | Reached skill level 6 in Stealth
   243 | D:1      | Reached XP level 2. HP: 14/14 MP: 3/3
   869 | D:2      | Reached skill level 7 in Stealth
   904 | D:2      | Reached XP level 3. HP: 16/18 MP: 4/4
  2035 | D:3      | Noticed an ogre
  2048 | D:3      | Reached XP level 4. HP: 17/22 MP: 5/5
  2087 | D:3      | Killed an ogre
  2087 | D:3      | Reached skill level 8 in Stealth
  2087 | D:3      | Reached XP level 5. HP: 23/26 MP: 6/6
  2302 | D:3      | Noticed Grinder
  2313 | D:3      | Slain by Grinder

Vault maps used:
D:1:      onia_arrival_mini_maze_b
D:3:      first_ration, kennysheep_nub, minmay_ogre_servants, uniq_grinder,
          uniq_jessica, uniq_terence

Skill      XL: |  1  2  3  4 |
---------------+-------------+-----
Stealth        | 6 7 8 |  8.3
Short Blades   | 3 |  3.8
Dodging        | 2 |  2.5
Fighting       | |  1.9
Throwing       | |  2.3

Action                   |  1- 3 |  4- 6 || total
-------------------------+-------+-------++-------
Melee: Dagger            |   105 |    32 ||   137
 Fire: Blowgun           |       |    10 ||    10
  Use: Potion            |     6 |     2 ||     8
       Scroll            |     1 |     2 ||     3
 Stab: Sleeping          |    17 |     2 ||    19
Armor: Robe              |     7 |     5 ||    12
Dodge: Dodged            |    55 |    21 ||    76

Table legend:
 A = Spawn XP
 B = Non-spawn XP
 C = Spawn XP percentage of total XP
 D = Spawn monster count
 E = Non-spawn monster count
 F = Spawn count percentage of total count
 G = Total turns spent on level
                    A         B        C        D         E        F      G
               +---------+---------+-------+---------+---------+-------+---------
         Total |       0 |     266 |   0.0 |       0 |      49 |   0.0 |  2313
               +---------+---------+-------+---------+---------+-------+---------
           D:1 |       0 |      28 |   0.0 |       0 |      15 |   0.0 |   801
           D:2 |       0 |      56 |   0.0 |       0 |      16 |   0.0 |  1187
           D:3 |       0 |     182 |   0.0 |       0 |      18 |   0.0 |   325
               +---------+---------+-------+---------+---------+-------+---------
